Map: Efflorescence LE

Players

LearnToPlay

  • Race: Terran Terran
  • League: Gold
  • Spawn Location: 3:00

MøstWântêÐ

  • Race: Protoss Protoss
  • League: Diamond
  • Spawn Location: 12:00

qqq - Winner!

  • Race: Zerg Zerg
  • League: Platinum
  • Spawn Location: 9:00

Massa - Winner!

  • Race: Terran Terran
  • League: Platinum
  • Spawn Location: 6:00

VOD

Have the link to the VOD?

Description

Time

  • Played on: Jan. 7, 2021, 3 p.m.
  • Length: 5:12
Show
View Real Time Build Order
Export as new Build Order

LearnToPlay Terran 

Build Orders: 2 Factory 

Get SALT Encoding   

  12  0:00  SCV  
  13  0:12  SCV  
  14  0:18  Supply Depot  
  14  0:24  SCV  
  15  0:39  SCV  
  15  0:40  Barracks  
  16  0:50  Refinery  
  16  0:52  SCV  
  17  1:04  SCV  
  18  1:16  SCV  
  19  1:29  Orbital Command  
  19  1:52  Factory  
  19  1:58  SCV  
  19  1:59  Supply Depot  
  20  2:02  Refinery  
  20  2:11  Reaper  
  20  2:14  Command Center  
  21  2:17  SCV  
  22  2:29  SCV  
  25  2:37  Hellion  
  25  2:53  Reaper  
  25  2:58  Factory  
  26  3:00  Factory Reactor  
  26  3:04  SCV  
  27  3:14  Supply Depot  
  27  3:16  SCV  
  28  3:23  Supply Depot  
  28  3:25  Barracks Tech Lab  
  28  3:28  SCV  
  28  3:33  Refinery  
  29  3:38  Orbital Command  
  29  3:40  SCV  
  30  3:44  Hellion  
  32  3:52  SCV  
  32  3:53  Supply Depot  
  33  4:02  Cyclone  
  36  4:04  SCV  
  37  4:11  Starport  
  37  4:12  Barracks Reactor  
  37  4:15  SCV  
  37  4:16  SCV  
  39  4:27  SCV  
  39  4:29  SCV  
  41  4:33  Refinery  
  41  4:36  Hellion  
  43  4:39  SCV  
  43  4:41  SCV  
  48  4:51  SCV  
Show
View Real Time Build Order
Export as new Build Order

MøstWântêРProtoss 

Build Orders: Forge Fast Expand (FFE) 

Get SALT Encoding   

  12  0:00  Probe  
  13  0:12  Probe  
  14  0:17  Pylon  
  14  0:24  Probe (Chrono Boost)  
  15  0:36  Probe (Chrono Boost)  
  16  0:45  Probe (Chrono Boost)  
  17  0:52  Forge  
  17  0:53  Probe (Chrono Boost)  
  18  1:05  Probe (Chrono Boost)  
  19  1:14  Probe (Chrono Boost)  
  20  1:20  Probe  
  20  1:23  Nexus  
  21  1:35  Gateway  
  21  1:41  Photon Cannon  
  21  1:49  Pylon  
  21  1:50  Probe  
  22  2:02  Probe (Chrono Boost), Assimilator  
  22  2:04  Assimilator  
  23  2:15  Probe (Chrono Boost)  
  25  2:23  Probe (Chrono Boost)  
  25  2:24  Cybernetics Core  
  25  2:31  Photon Cannon  
  25  2:33  Photon Cannon  
  25  2:39  Photon Cannon  
  25  2:45  Probe x2  
  27  3:02  Probe x2  
  29  3:08  Assimilator  
  29  3:11  Assimilator  
  29  3:14  Probe x2  
  31  3:20  Pylon  
  31  3:22  Pylon  
  31  3:26  Probe x2  
  33  3:38  Probe x2  
  33  3:40  Stargate  
  35  3:48  Stargate  
  35  3:54  Probe x2  
  37  4:04  Photon Cannon  
  37  4:06  Probe x2  
  39  4:18  Probe x2, Void Ray (Chrono Boost)  
  45  4:30  Probe x2  
  51  4:32  Void Ray (Chrono Boost)  
  51  4:40  Stargate  
  51  4:42  Probe  
Show
View Real Time Build Order
Export as new Build Order

qqq Zerg - Winner!

Build Orders: Hatch First 

Get SALT Encoding   

  12  0:01  Drone  
  13  0:09  Drone  
  14  0:28  Overlord  
  14  0:47  Hatchery  
  13  0:50  Drone  
  13  0:54  Drone  
  15  0:58  Drone  
  17  1:25  Drone x2  
  17  1:26  Spawning Pool  
  17  1:27  Extractor  
  16  1:35  Drone  
  16  1:39  Drone  
  18  2:01  Drone  
  19  2:06  Overlord  
  19  2:07  Drone  
  20  2:10  Drone  
  20  2:12  Queen  
  23  2:19  Queen  
  25  2:25  Drone  
  25  2:26  Drone  
  27  2:30  Drone  
  28  2:41  Metabolic Boost  
  28  2:49  Extractor  
  28  2:50  Drone x2  
  29  2:54  Zergling x2  
  29  2:56  Zergling x4  
  29  2:57  Zergling x2  
  33  3:13  Zergling x2  
  33  3:15  Zergling x4  
  36  3:22  Roach Warren  
  36  3:26  Overlord  
  35  3:28  Drone  
  35  3:32  Overlord  
  35  3:33  Overlord  
  37  3:39  Overlord  
  37  3:43  Queen  
  39  3:50  Zergling x2  
  39  3:51  Drone  
  39  3:52  Zergling x2  
  42  3:55  Zergling x2  
  42  3:58  Zergling x2  
  44  4:04  Zergling x6  
  47  4:17  Zergling x2  
  47  4:18  Zergling x2  
  47  4:20  Zergling x2  
  50  4:27  Zergling x2  
  50  4:28  Zergling x2  
  50  4:29  Zergling x2  
  50  4:31  Hatchery  
  52  4:33  Overlord  
Show
View Real Time Build Order
Export as new Build Order

Massa Terran - Winner!

Build Orders:  

Get SALT Encoding   

  12  0:00  SCV  
  13  0:12  SCV  
  14  0:18  Supply Depot  
  14  0:24  SCV  
  15  0:40  SCV  
  15  0:41  Barracks  
  16  0:51  Refinery  
  16  0:52  SCV  
  17  0:57  Supply Depot  
  17  1:04  SCV  
  18  1:16  SCV  
  19  1:25  Barracks  
  19  1:34  Barracks, Marine  
  20  1:51  Orbital Command  
  20  1:58  Barracks Tech Lab  
  20  2:13  Marine  
  21  2:18  Stimpack  
  21  2:21  Marauder, Marine  
  24  2:31  Marine  
  25  2:39  Marine  
  25  2:42  Marauder  
  28  2:49  Marine  
  29  2:57  Marine  
  30  3:07  Marine, Supply Depot  
  30  3:09  Supply Depot  
  31  3:29  SCV, Marauder, Factory, Marine x2  
  36  3:47  Marine x2  
  36  3:48  SCV, Supply Depot  
  39  3:51  Marauder  
  41  4:03  Concussive Shells  
  41  4:04  Marine x2  
  43  4:11  Supply Depot  
  43  4:12  Marauder  
  43  4:13  Hellion  
  47  4:32  Marine x2  
  47  4:33  Marauder  
  47  4:34  Hellion  
  53  4:50  Marine x2  
Tags
 
Add a new tag
Caveats
  • Supply blocks, unpowered buildings, or Contaminate may cause inaccurate times.
  • Supply counts are checked every 10 seconds.